[Event "Titled Tuesday Blitz August 3 2021"]
[White "Omk124"]
[Black "El Arousy, Abdul Hameed"]
[BlackFideId "10600086"]
[WhiteElo "2532"]
[BlackElo "2216"]
[Result "1-0"]
[Round "09"]
[TimeControl "180+1"]
[Date "2021.08.03"]
[WhiteClock "0:00:06"]
[BlackClock "0:00:02"]

1. e4 e5 2. Nf3 Nc6 3. Bc4 Nf6 4. d3 Bc5 5. c3 d6 6. b4 Bb6 7. a4 a5 8. b5 Ne7 9. Nbd2 O-O 10. Bb3 Ng6 11. Nc4 Bd7 12. O-O h6 13. h3 Qe7 14. Ba3 Bc5 15. Bxc5 dxc5 16. Qd2 Be6 17. Rad1 b6 18. Qc2 Rfd8 19. Rfe1 Nh5 20. d4 cxd4 21. cxd4 exd4 22. Nxd4 Bxc4 23. Qxc4 Ne5 24. Qc3 Qf6 25. Nf5 Nf4 26. Qe3 Nfd3 27. Rf1 Nc5 28. Bc2 Rxd1 29. Rxd1 Rd8 30. f4 Rxd1+ 31. Bxd1 Nc4 32. Qe1 Nd6 33. Bc2 Nxf5 34. exf5 Qd4+ 35. Kh1 f6 36. Bd1 Qxf4 37. Qe8+ Kh7 38. Qg6+ Kg8 39. Qe8+ Kh7 40. Bg4 Qe5 41. Qg6+ Kh8 42. Qf7 Qe1+ 43. Kh2 Qe5+ 44. g3 Qb2+ 45. Kh1 Qc1+ 46. Kg2 Qd2+ 47. Kf1 Nd3 48. Be2 Qe3 49. Bxd3 Qxd3+ 50. Kg1 Qd1+ 51. Kg2 Qe2+ 52. Kg1 Qe3+ 53. Kg2 Qe4+ 54. Kh2 Qe2+ 55. Kg1 Qf3 56. Qe8+ Kh7 57. Qg6+ Kh8 58. h4 Qd1+ 59. Kh2 Qd2+ 60. Kh3 Qe1 61. Qe8+ Kh7 62. Qxe1 1-0


[Site "https://www.chess.com"]

[Event "Titled Tuesday Blitz August 3 2021"]
[White "Oparin, Grigoriy"]
[Black "Praggnanandhaa R"]
[WhiteFideId "24125890"]
[BlackFideId "25059530"]
[WhiteElo "2628"]
[BlackElo "2555"]
[Result "0-1"]
[Round "09"]
[TimeControl "180+1"]
[Date "2021.08.03"]
[WhiteClock "0:00:48"]
[BlackClock "0:01:12"]

1. Nf3 Nf6 2. g3 g6 3. Bg2 Bg7 4. c4 d6 5. Nc3 e5 6. d4 Nbd7 7. O-O O-O 8. e4 b6 9. Qc2 exd4 10. Nxd4 Bb7 11. Re1 Re8 12. h3 c6 13. Be3 Qc7 14. Rad1 a6 15. Bf4 Rad8 16. b3 b5 17. Nf3 Ne5 18. Nxe5 dxe5 19. Be3 Bc8 20. Bc5 Be6 21. Bf1 Bf8 22. Bxf8 Kxf8 23. c5 Kg7 24. b4 a5 25. a3 a4 26. Qc1 Bb3 27. Rxd8 Rxd8 28. Re3 Rd4 29. Rd3 Qd7 30. Qd2 Bc4 31. Rxd4 Qxd4 32. Qxd4 exd4 33. Bxc4 bxc4 34. Nd1 c3 0-1


[Site "https://www.chess.com"]

[Event "Titled Tuesday Blitz August 3 2021"]
[White "Petesch, Gabriel"]
[Black "Firat, Burak"]
[WhiteFideId "2032465"]
[BlackFideId "6305881"]
[WhiteElo "2374"]
[BlackElo "2531"]
[Result "1-0"]
[Round "09"]
[TimeControl "180+1"]
[Date "2021.08.03"]
[WhiteClock "0:00:05"]
[BlackClock "0:00:41"]

1. Nf3 c5 2. b3 b6 3. Bb2 Bb7 4. e3 Nf6 5. Be2 e6 6. O-O Be7 7. d4 O-O 8. dxc5 bxc5 9. c4 Nc6 10. Nc3 a6 11. Rc1 Qc7 12. Qc2 h6 13. Rfd1 Rad8 14. Nd2 Ne5 15. Nce4 Nxe4 16. Nxe4 f5 17. Ng3 f4 18. exf4 Rxf4 19. Qd2 Rdf8 20. Bxe5 Qxe5 21. Qxd7 Bxg2 22. Qxe7 Rxf2 23. Rd8 Qe3 24. Rxf8+ Rxf8+ 25. Kxg2 Qxc1 26. Qxe6+ Kh8 27. Qe4 Qd2 28. Kh3 Qd7+ 29. Bg4 Qd2 30. Qg6 Qg5 31. Qxg5 hxg5 32. Ne4 a5 33. Kg3 Re8 34. Bf5 a4 35. bxa4 Ra8 36. Bd7 Ra7 37. Bb5 Re7 38. Nxc5 Re5 39. Nd7 Re3+ 40. Kg4 Ra3 41. c5 Rxa2 42. c6 Rc2 43. a5 Rg2+ 44. Kf5 Rb2 45. c7 Rxb5+ 46. Kg6 Rc5 47. Nxc5 1-0


[Site "https://www.chess.com"]

[Event "Titled Tuesday Blitz August 3 2021"]
[White "Petrovskyi, Vadym"]
[Black "Jacobson, Aaron"]
[WhiteFideId "14165210"]
[BlackFideId "2089912"]
[WhiteElo "2305"]
[BlackElo "2265"]
[Result "1-0"]
[Round "09"]
[TimeControl "180+1"]
[Date "2021.08.03"]
[WhiteClock "0:00:54"]
[BlackClock "0:00:08"]

1. e4 d5 2. exd5 Nf6 3. d4 Bg4 4. Be2 Bxe2 5. Nxe2 Qxd5 6. O-O Nc6 7. Nbc3 Qh5 8. Be3 O-O-O 9. Nf4 Qxd1 10. Raxd1 Nb4 11. Rd2 Nbd5 12. Nfxd5 Nxd5 13. Nxd5 Rxd5 14. c4 Rd7 15. d5 b6 16. Rfd1 g6 17. Bd4 Rg8 18. Re1 Bg7 19. Bxg7 Rxg7 20. Rde2 Kd8 21. b4 g5 22. b5 Rg6 23. Re3 h5 24. Ra3 e6 25. Rxa7 Kc8 26. f3 Kb8 27. Ra3 Rd6 28. Kf2 Kb7 29. Re5 h4 30. h3 Kb8 31. Rae3 Kc8 32. dxe6 fxe6 33. Ke2 Kd7 34. Rd3 Ke7 35. Rxd6 Kxd6 36. Re4 Rf6 37. Kd3 e5 38. Kc3 Rf8 39. Kb4 Ra8 40. a4 Ke6 41. Re2 Rd8 42. a5 bxa5+ 43. Kxa5 Rd1 44. Ka6 Rc1 45. Re4 Kd6 46. Kb7 Rb1 47. Rg4 c6 48. b6 Kc5 49. Rxg5 Rxb6+ 50. Kc7 Rb2 51. Rg4 Ra2 52. Kd7 e4 53. fxe4 Kxc4 54. Kxc6 Kd4 55. Kd6 Ra6+ 56. Ke7 Ke5 57. Rxh4 Ra7+ 58. Kd8 Rg7 59. g4 Kxe4 60. Ke8 Ke5 61. Kf8 Ra7 62. Rh6 Kf4 63. Kg8 Kg5 64. Rh5+ Kg6 65. Kf8 Rb7 66. Re5 Rb3 67. h4 Rb4 68. Rg5+ Kf6 69. Kg8 Rb7 70. Rf5+ Kg6 71. h5+ Kh6 72. Rf6+ Kg5 73. Rg6+ Kf4 74. h6 Ke5 75. h7 Rb8+ 76. Kg7 Rb7+ 77. Kh6 Rb8 78. Rg8 Rb6+ 79. Kh5 Rb1 80. h8=Q+ Kf4 81. Qh6+ Kg3 82. Qe3+ Kg2 83. Qe4+ Kg3 84. Qxb1 Kf4 85. Rf8+ Ke5 86. Rf5+ Ke6 87. Qb6+ Ke7 88. Rc5 Kd7 89. Rc7+ Kd8 90. Qb8# 1-0


[Site "https://www.chess.com"]

[Event "Titled Tuesday Blitz August 3 2021"]
[White "Pinheiro, Iung Alicio de O."]
[Black "Daggupati, Balaji"]
[WhiteFideId "2104350"]
[BlackFideId "2090759"]
[WhiteElo "2542"]
[BlackElo "2676"]
[Result "1-0"]
[Round "09"]
[TimeControl "180+1"]
[Date "2021.08.03"]
[WhiteClock "0:00:41"]
[BlackClock "0:00:06"]

1. e4 c5 2. Nc3 Nc6 3. Bb5 Nd4 4. Nf3 e6 5. O-O a6 6. Bd3 Nc6 7. Re1 b5 8. b3 Be7 9. Bb2 Nf6 10. e5 Nd5 11. Ne4 Nf4 12. Bf1 Ng6 13. g3 O-O 14. Bg2 Bb7 15. h4 Re8 16. h5 Nf8 17. h6 gxh6 18. d3 Ng6 19. Qd2 Nd4 20. Nxd4 Bxe4 21. Nxe6 dxe6 22. Bxe4 Ra7 23. Qxh6 Bf8 24. Qh5 Bg7 25. Kg2 Nf8 26. Rh1 h6 27. Qg4 Qg5 28. Qf3 Nh7 29. Rh5 Qe7 30. Bxh7+ Kxh7 31. Rah1 Rh8 32. Bc1 Kg8 33. Bxh6 Bxh6 34. Rxh6 Rxh6 35. Rxh6 Qg5 36. Rh4 Qxe5 37. Rh5 Qd4 38. Rg5+ Kf8 39. Qh5 Ke7 40. Rxc5 Rd7 41. Qg5+ f6 42. Qg7+ Kd6 43. Qf8+ Re7 44. Qd8+ Kxc5 45. Qxe7+ Qd6 46. Qxd6+ Kxd6 47. c4 Kc5 48. Kf3 Kb4 49. Ke4 Ka3 50. c5 Kxa2 51. c6 Kxb3 52. c7 a5 53. c8=Q a4 54. Kd4 a3 55. Qc3+ Ka2 56. Qb4 1-0


[Site "https://www.chess.com"]

[Event "Titled Tuesday Blitz August 3 2021"]
[White "Potapova, Margarita"]
[Black "Mikhailovsky, Vladimir"]
[WhiteFideId "14126869"]
[BlackFideId "34105414"]
[WhiteElo "2588"]
[BlackElo "2750"]
[Result "0-1"]
[Round "09"]
[TimeControl "180+1"]
[Date "2021.08.03"]
[WhiteClock "0:00:10"]
[BlackClock "0:00:09"]

1. d4 Nf6 2. c4 c6 3. Nf3 d5 4. g3 dxc4 5. Bg2 e6 6. Ne5 Bb4+ 7. Nc3 Nd5 8. O-O Nxc3 9. bxc3 Bxc3 10. Ba3 Qxd4 11. Nxc4 Bxa1 12. Qxd4 Bxd4 13. Rd1 c5 14. e3 O-O 15. exd4 Rd8 16. Bxc5 Nc6 17. Nd6 Na5 18. d5 exd5 19. Bxd5 Be6 20. Bf3 b6 21. Bxa8 bxc5 22. Bf3 Kf8 23. a3 Nc4 24. Ne4 Rxd1+ 25. Bxd1 Nxa3 26. Nxc5 Bd5 27. Kf1 Ke7 28. Ke2 Kd6 29. Na6 Bc4+ 30. Ke3 Bxa6 31. Kd4 Nb5+ 32. Ke3 Nc3 33. Bb3 f6 34. f4 Bb7 35. g4 Bd5 36. Bc2 a5 37. h4 Kc5 38. g5 fxg5 39. fxg5 g6 40. h5 Bf7 41. hxg6 hxg6 42. Kf4 Kd4 43. Kf3 a4 0-1


[Site "https://www.chess.com"]

[Event "Titled Tuesday Blitz August 3 2021"]
[White "Prydun, Andriy"]
[Black "Adelman, Charles"]
[WhiteFideId "14145898"]
[BlackFideId "2003597"]
[WhiteElo "2024"]
[BlackElo "2354"]
[Result "1/2-1/2"]
[Round "09"]
[TimeControl "180+1"]
[Date "2021.08.03"]
[WhiteClock "0:00:23"]
[BlackClock "0:00:45"]

1. d4 Nf6 2. Nc3 d6 3. e4 Nbd7 4. Be3 e5 5. f3 Be7 6. Qd2 c6 7. Nge2 b5 8. Nd1 O-O 9. Nf2 a5 10. g4 Ba6 11. h4 b4 12. Ng3 Bxf1 13. Nxf1 exd4 14. Bxd4 Ne5 15. Qe2 c5 16. Bxe5 dxe5 17. Ne3 c4 18. Rd1 Qc7 19. h5 Rfd8 20. g5 Ne8 21. Nd5 Qc5 22. g6 fxg6 23. hxg6 h6 24. Ng4 Bg5 25. Nxe5 Nf6 26. Nxf6+ gxf6 27. Ng4 Kg7 28. Rxd8 Rxd8 29. Qf2 Qxf2+ 30. Nxf2 Kxg6 31. Nh3 c3 32. bxc3 bxc3 33. Rg1 Kf7 34. Rg2 Bh4+ 35. Kf1 Rd1+ 36. Ke2 Rd2+ 37. Kf1 Rd1+ 38. Ke2 Rd2+ 39. Kf1 Rd1+ 1/2-1/2


[Site "https://www.chess.com"]

[Event "Titled Tuesday Blitz August 3 2021"]
[White "Rustemov, Alexander"]
[Black "Jian, Alex"]
[WhiteFideId "4119002"]
[BlackFideId "30901022"]
[WhiteElo "2666"]
[BlackElo "2111"]
[Result "1-0"]
[Round "09"]
[TimeControl "180+1"]
[Date "2021.08.03"]
[WhiteClock "0:00:39"]
[BlackClock "0:00:01"]

1. d4 Nf6 2. c4 e6 3. Nf3 d5 4. Nc3 c5 5. cxd5 Nxd5 6. g3 Be7 7. Bg2 O-O 8. O-O Nxc3 9. bxc3 Nc6 10. Be3 Bf6 11. dxc5 Bxc3 12. Rb1 Qa5 13. Qb3 e5 14. Rfc1 Bb4 15. Nxe5 Nxe5 16. Qxb4 Qxa2 17. Bxb7 Rb8 18. Rb2 a5 19. Rxa2 axb4 20. Bd5 Be6 21. Bxe6 fxe6 22. Bf4 Rf5 23. c6 Rc8 24. c7 g5 25. e4 Nd3 26. exf5 gxf4 27. Rd1 Nc5 28. Rd8+ 1-0


[Site "https://www.chess.com"]

[Event "Titled Tuesday Blitz August 3 2021"]
[White "Sadovsky, Artem"]
[Black "Palchuk, Andrii"]
[WhiteFideId "4155840"]
[BlackFideId "14176688"]
[WhiteElo "2442"]
[BlackElo "2284"]
[Result "0-1"]
[Round "09"]
[TimeControl "180+1"]
[Date "2021.08.03"]
[WhiteClock "0:00:02"]
[BlackClock "0:00:06"]

1. c4 Nf6 2. g3 c6 3. Bg2 d5 4. Nf3 g6 5. O-O Bg7 6. b3 O-O 7. Bb2 Bf5 8. d3 Qc8 9. Re1 Bh3 10. Bh1 Re8 11. Nbd2 Nbd7 12. cxd5 Nxd5 13. Qc1 e5 14. Nc4 Qc7 15. Ng5 Bh6 16. Ba3 Qd8 17. f4 Bg4 18. e4 exf4 19. Nxf7 Kxf7 20. exd5 Kg8 21. dxc6 bxc6 22. Bxc6 Rxe1+ 23. Qxe1 Nb6 24. Bxa8 Qxa8 25. Nxb6 axb6 26. Qe4 Qxa3 27. Re1 Qc5+ 28. d4 Qc8 29. gxf4 Bf5 30. Qd5+ Kh8 31. Qd6 Bg7 0-1


[Site "https://www.chess.com"]

[Event "Titled Tuesday Blitz August 3 2021"]
[White "Samadov, Read"]
[Black "Bluebaum, Matthias"]
[WhiteFideId "13417444"]
[BlackFideId "24651516"]
[WhiteElo "2084"]
[BlackElo "2685"]
[Result "0-1"]
[Round "09"]
[TimeControl "180+1"]
[Date "2021.08.03"]
[WhiteClock "0:00:01"]
[BlackClock "0:00:17"]

1. d4 Nf6 2. c4 e6 3. Nc3 Bb4 4. f3 d5 5. a3 Be7 6. e4 dxe4 7. fxe4 c5 8. d5 exd5 9. exd5 O-O 10. Be2 a6 11. Nf3 Bg4 12. O-O Bd6 13. Bg5 Re8 14. h3 Bh5 15. Qd2 Nbd7 16. Rae1 Qc7 17. Bd1 Bg3 18. Rxe8+ Rxe8 19. Bc2 Bxf3 20. gxf3 h6 21. Bxf6 Nxf6 22. f4 Qd7 23. Kg2 Bh4 24. Rf3 Be1 25. Qd1 b5 26. cxb5 axb5 27. d6 Re6 28. Ne2 Bh4 29. Rd3 c4 30. Rd4 Ne8 31. Nc3 Rxd6 32. Rxd6 Nxd6 33. Qd5 Qe7 34. Bd1 g6 35. Bf3 Nf5 36. Qxb5 Qe1 37. Qb8+ Kh7 38. Ne4 Ne3+ 39. Kh2 Qf1 40. Bh1 Qe2+ 41. Kg1 Nd1 42. Qe5 Bf2+ 43. Kg2 Bd4+ 0-1


[Site "https://www.chess.com"]

[Event "Titled Tuesday Blitz August 3 2021"]
[White "Sarkar, Justin"]
[Black "Nozdrachev, Leonid"]
[WhiteFideId "2010011"]
[BlackFideId "24113433"]
[WhiteElo "2072"]
[BlackElo "2221"]
[Result "0-1"]
[Round "09"]
[TimeControl "180+1"]
[Date "2021.08.03"]
[WhiteClock "0:00:01"]
[BlackClock "0:01:33"]

1. e4 d6 2. f4 c5 3. Nf3 g6 4. Bb5+ Bd7 5. Bxd7+ Qxd7 6. O-O Nf6 7. d3 Bg7 8. c4 O-O 9. Nc3 Nc6 10. h3 a6 11. Be3 Rab8 12. Rc1 b5 13. b3 e6 14. g4 Ne8 15. cxb5 axb5 16. d4 cxd4 17. Nxd4 Ne7 18. f5 gxf5 19. exf5 e5 20. Ndxb5 Rxb5 21. Nxb5 Qxb5 22. f6 Nxf6 23. Qxd6 Ned5 24. Bg5 Ne4 0-1


[Site "https://www.chess.com"]

[Event "Titled Tuesday Blitz August 3 2021"]
[White "Seletsky, Grigory"]
[Black "Koellner, Ruben Gideon"]
[WhiteFideId "14112191"]
[BlackFideId "12993093"]
[WhiteElo "2492"]
[BlackElo "2512"]
[Result "1-0"]
[Round "09"]
[TimeControl "180+1"]
[Date "2021.08.03"]
[WhiteClock "0:00:50"]
[BlackClock "0:00:01"]

1. d4 b6 2. c4 Bb7 3. Nc3 e6 4. a3 Nf6 5. Bg5 Be7 6. e3 Ne4 7. Nxe4 Bxe4 8. Bxe7 Qxe7 9. Nf3 O-O 10. Bd3 d5 11. O-O c5 12. cxd5 Bxf3 13. Qxf3 exd5 14. Qxd5 Nd7 15. Qe4 Qxe4 16. Bxe4 Rad8 17. Rfd1 Nf6 18. Bf3 cxd4 19. exd4 Rd7 20. Rac1 Rfd8 21. h3 g6 22. Rc4 b5 23. Rb4 a6 24. a4 Nd5 25. Bxd5 Rxd5 26. axb5 axb5 27. Kf1 Rc8 28. Ke2 Kf8 29. Kd2 Ke7 30. Rc1 Rxc1 31. Kxc1 Kd6 32. Kd2 h5 33. Ke3 Kc6 34. Rb3 h4 35. Rc3+ Kd6 36. Rc8 Rg5 37. Kf3 Rf5+ 38. Ke3 Rg5 39. Rh8 Rxg2 40. Rxh4 Rg1 41. Kd2 Rf1 42. Rf4 f5 43. h4 Rh1 44. Kc3 Kd5 45. Kb4 Rh3 46. b3 Ke6 47. f3 Kd5 48. Kxb5 Rh1 49. b4 Rh2 50. Kb6 Rh1 51. b5 Rh2 52. Kb7 Rh1 53. b6 Rh2 54. Kb8 Rb2 55. Kc7 Rc2+ 56. Kb7 Rh2 57. Kc7 Rc2+ 58. Kd7 Rh2 59. b7 Rb2 60. Kc7 Rc2+ 61. Kd8 Rb2 62. h5 Rxb7 63. hxg6 1-0


[Site "https://www.chess.com"]

[Event "Titled Tuesday Blitz August 3 2021"]
[White "Sengupta, Deep"]
[Black "Chen, Max"]
[WhiteFideId "5008352"]
[BlackFideId "2622440"]
[WhiteElo "2347"]
[BlackElo "2447"]
[Result "0-1"]
[Round "09"]
[TimeControl "180+1"]
[Date "2021.08.03"]
[WhiteClock "0:00:03"]
[BlackClock "0:00:09"]

1. f4 e5 2. fxe5 d6 3. exd6 Bxd6 4. Nf3 g5 5. g3 g4 6. Nh4 Be7 7. Ng2 b6 8. d3 Bb7 9. e4 f5 10. Nc3 fxe4 11. Nxe4 Bxe4 12. dxe4 Qxd1+ 13. Kxd1 Nf6 14. Bd3 Nc6 15. Bf4 O-O-O 16. Ke2 Nd4+ 17. Kf2 Rhf8 18. Rhd1 Bc5 19. Kf1 Nf3 20. e5 Nd5 21. Be4 Nxf4 22. Nxf4 Nxe5 23. Kg2 Rxd1 24. Rxd1 Nc4 25. Re1 Rd8 26. Re2 Ne3+ 27. Kf2 Nxc2+ 28. Kg2 Ne3+ 29. Kf2 Nc4+ 30. Kg2 Rd1 31. h3 Ne3+ 32. Kh2 Nf1+ 33. Kg2 Ne3+ 34. Kh2 gxh3 35. Nxh3 Ng4+ 36. Kg2 Ne3+ 37. Kh2 Nf1+ 38. Kg2 Ne3+ 39. Kf3 Rf1+ 40. Nf2 Nd1 41. Bf5+ Kb7 42. Bc2 Rxf2+ 43. Rxf2 Nxf2 44. Bxh7 Nh3 45. Kg4 Nf2+ 46. Kf3 Kc6 47. Bc2 Kd7 48. g4 Ke7 49. a3 a5 50. b3 Kf6 51. b4 axb4 52. axb4 Bd4 53. b5 Kg5 54. Bf5 Nd1 55. Ke4 Bf2 56. Kf3 Bc5 57. Ke4 Ne3 58. Bd7 Nxg4 59. Kd5 Bd6 60. Kc6 Nf6 61. Bh3 Kf4 62. Bf1 Ke5 63. Bg2 Kd4 64. Bf1 Ne4 65. Bg2 Nc3 66. Bf1 Ke3 67. Bg2 Kd3 68. Bf1+ Kd4 69. Bg2 Kc4 70. Bf1+ Kb4 71. Bd3 Na2 72. Bf1 Nc1 73. Kd5 Nb3 74. Kc6 Nd4+ 75. Kb7 Nxb5 76. Kc6 Nc3 77. Bd3 Ka4 78. Bc2+ Ka5 79. Bd3 b5 80. Bc2 b4 81. Bb3 Na4 82. Kd5 Nc5 83. Bd1 b3 84. Kc4 b2 85. Bc2 Na6 86. Kb3 Be5 87. Be4 Nc5+ 0-1


[Site "https://www.chess.com"]

[Event "Titled Tuesday Blitz August 3 2021"]
[White "Serikbay, Assel"]
[Black "Perez Gormaz, Matias"]
[WhiteFideId "13706799"]
[BlackFideId "3406342"]
[WhiteElo "2044"]
[BlackElo "2414"]
[Result "0-1"]
[Round "09"]
[TimeControl "180+1"]
[Date "2021.08.03"]
[WhiteClock "0:00:49"]
[BlackClock "0:00:47"]

1. e4 c5 2. Nf3 d6 3. d4 cxd4 4. Nxd4 Nf6 5. Nc3 a6 6. Bg5 e6 7. g4 Be7 8. h4 Qc7 9. Qd2 Nxg4 10. Bxe7 Qxe7 11. Rg1 Qxh4 12. Nf3 Qh5 13. Qxd6 Nd7 14. Qf4 Nge5 15. Nxe5 Qxe5 16. Qxe5 Nxe5 17. Rxg7 Ng6 18. O-O-O Kf8 19. Rxg6 hxg6 20. e5 Ke7 21. Ne4 Bd7 22. Nd6 Bc6 23. Bc4 Rh1 0-1


[Site "https://www.chess.com"]

[Event "Titled Tuesday Blitz August 3 2021"]
[White "Shahade, Gregory"]
[Black "Csonka, Balazs"]
[WhiteFideId "2009064"]
[BlackFideId "742910"]
[WhiteElo "2725"]
[BlackElo "2404"]
[Result "1-0"]
[Round "09"]
[TimeControl "180+1"]
[Date "2021.08.03"]
[WhiteClock "0:00:14"]
[BlackClock "0:00:01"]

1. e4 e5 2. Nf3 Nc6 3. Bb5 a6 4. Ba4 Bc5 5. O-O Nge7 6. c3 Ng6 7. d4 Ba7 8. Bxc6 dxc6 9. Nxe5 Nxe5 10. dxe5 Qh4 11. Qf3 Rg8 12. Be3 Bg4 13. Qf4 g5 14. Qf6 Bxe3 15. fxe3 Be6 16. Nd2 Rc8 17. g3 Qg4 18. Qf3 Qxf3 19. Nxf3 c5 20. b3 h6 21. Kf2 Ke7 22. h4 Bg4 23. Nh2 Be6 24. hxg5 Rxg5 25. Nf3 Rg4 26. Rh1 Rcg8 27. Rag1 R8g6 28. Rh4 Bd7 29. Rxg4 Bxg4 30. Nh4 Rg5 31. Rh1 Rxe5 32. Ng2 Rxe4 33. Rxh6 Re6 34. Rh4 f5 35. Nf4 Rd6 36. Rh7+ Kd8 37. c4 Rd2+ 38. Kf1 Rxa2 39. Ne6+ Ke8 40. Nxc7+ Kf8 41. Ne6+ Kg8 42. Rxb7 Be2+ 43. Ke1 Bf3 44. Rb8+ 1-0


[Site "https://www.chess.com"]

[Event "Titled Tuesday Blitz August 3 2021"]
[White "Shailesh, Dravid"]
[Black "Zhao, Erick"]
[WhiteFideId "25017969"]
[BlackFideId "30946930"]
[WhiteElo "2228"]
[BlackElo "2517"]
[Result "0-1"]
[Round "09"]
[TimeControl "180+1"]
[Date "2021.08.03"]
[WhiteClock "0:01:55"]
[BlackClock "0:00:24"]

1. e4 c5 2. d4 cxd4 3. c3 d3 4. Bxd3 d6 5. Ne2 Nf6 6. c4 g6 7. Nbc3 Bg7 8. h3 O-O 9. Be3 Nbd7 10. f4 a6 11. Qd2 b5 12. cxb5 axb5 13. Nxb5 Bb7 14. Nbc3 Nc5 15. Bxc5 dxc5 16. Qe3 Qb6 17. Bc4 Qb4 18. Bb3 Nxe4 19. O-O c4 20. Bc2 Nxc3 21. bxc3 Qd6 22. Rad1 Qc6 23. Rf2 Rxa2 24. Bb1 Rb2 25. f5 gxf5 26. Bxf5 Qb6 27. Qxe7 Bf6 28. Bxh7+ Kxh7 29. Qxf6 Qxf6 30. Rxf6 Rxe2 31. Rd4 Rxg2+ 32. Kf1 Rg6 33. Rff4 Re8 34. Rxc4 Ba6 0-1


[Site "https://www.chess.com"]

[Event "Titled Tuesday Blitz August 3 2021"]
[White "Shkapenko, Pavel"]
[Black "Piesik, Piotr"]
[WhiteFideId "4151933"]
[BlackFideId "1136194"]
[WhiteElo "2689"]
[BlackElo "2563"]
[Result "0-1"]
[Round "09"]
[TimeControl "180+1"]
[Date "2021.08.03"]
[WhiteClock "0:00:05"]
[BlackClock "0:00:31"]

1. e4 g6 2. d4 Bg7 3. Nc3 c6 4. h3 d6 5. f4 Nd7 6. Nf3 e5 7. Be3 Qe7 8. Qd2 Ngf6 9. O-O-O O-O 10. dxe5 dxe5 11. Qd6 Qxd6 12. Rxd6 exf4 13. Bxf4 Re8 14. Bc4 Nc5 15. Ng5 Ne6 16. Nxe6 Bxe6 17. Bxe6 Rxe6 18. Rxe6 fxe6 19. Rd1 Re8 20. Be5 Re7 21. Rd8+ Kf7 22. Bh2 Rd7 23. Rxd7+ Nxd7 24. Kd2 Nc5 25. Bg1 Bxc3+ 26. Kxc3 Nxe4+ 27. Kd3 Nf6 28. Bxa7 Nd5 29. Be3 e5 30. Bd2 Ke6 31. c4 Nf6 32. b4 b5 33. Be3 Ne8 34. Bc5 h5 35. a3 Kf5 36. a4 bxa4 37. b5 cxb5 38. cxb5 Nc7 39. b6 Na6 40. Ba3 Ke6 41. Kc4 Nb8 42. Kb5 Kd5 43. Kxa4 Kc4 44. b7 e4 45. Bd6 Nc6 46. b8=Q Nxb8 47. Bxb8 e3 48. Bg3 Kc3 49. Kb5 e2 50. Kc5 Kd2 51. Kd4 e1=Q 52. Bxe1+ Kxe1 53. Ke3 Kf1 54. Kf3 Kg1 55. Kg3 g5 56. Kf3 Kh2 57. Kf2 g4 58. hxg4 hxg4 59. g3 Kh3 60. Kf1 Kxg3 61. Kg1 Kh3 62. Kh1 g3 63. Kg1 g2 0-1


[Site "https://www.chess.com"]

[Event "Titled Tuesday Blitz August 3 2021"]
[White "Siddharth, Jagadeesh"]
[Black "Leitao, Rafael"]
[WhiteFideId "5818320"]
[BlackFideId "2101246"]
[WhiteElo "2567"]
[BlackElo "2692"]
[Result "0-1"]
[Round "09"]
[TimeControl "180+1"]
[Date "2021.08.03"]
[WhiteClock "0:01:19"]
[BlackClock "0:01:47"]

1. d4 Nf6 2. c4 g6 3. Nc3 Bg7 4. e4 d6 5. h3 O-O 6. Be3 c6 7. g4 a6 8. a4 a5 9. Nf3 d5 10. cxd5 cxd5 11. e5 Ne4 12. Bd3 f5 13. exf6 Nxc3 14. fxg7 Nxd1 15. gxf8=Q+ Qxf8 0-1


[Site "https://www.chess.com"]

[Event "Titled Tuesday Blitz August 3 2021"]
[White "Silva, Miguel Antonio Neto"]
[Black "Spata, German"]
[WhiteFideId "1911929"]
[BlackFideId "113026"]
[WhiteElo "2283"]
[BlackElo "2238"]
[Result "0-1"]
[Round "09"]
[TimeControl "180+1"]
[Date "2021.08.03"]
[WhiteClock "0:00:57"]
[BlackClock "0:00:06"]

1. Nf3 Nf6 2. c4 g6 3. g3 Bg7 4. Bg2 O-O 5. O-O d6 6. d4 c6 7. Nc3 Qa5 8. d5 cxd5 9. cxd5 Na6 10. a3 Bd7 11. Bg5 h6 12. Bd2 Rfc8 13. b4 Qd8 14. Rc1 Rc4 15. Qb3 Rac8 16. Na2 Rxc1 17. Rxc1 Ne4 18. Be3 Rxc1+ 19. Nxc1 Qc7 20. Ne1 Nc3 21. Ned3 Ba4 22. Qb2 Nxd5 23. Qxg7+ Kxg7 24. Bxd5 Bc6 25. Bc4 Be4 26. Bb3 Bxd3 27. Nxd3 Qc3 28. Bd5 Qxa3 29. Bxb7 Nxb4 30. Nf4 Nc2 31. Bd2 Qb2 32. Nd3 Qxb7 33. Bc3+ e5 34. f4 Nd4 35. Kf2 Qe4 36. Bxd4 Qxd4+ 37. Kf3 Qxd3+ 38. exd3 exf4 39. gxf4 Kf6 40. Ke4 Ke6 41. Kd4 g5 0-1


[Site "https://www.chess.com"]

[Event "Titled Tuesday Blitz August 3 2021"]
[White "Skatchkov, Pavel"]
[Black "Makhnev, Denis"]
[WhiteFideId "4121848"]
[BlackFideId "13707647"]
[WhiteElo "2476"]
[BlackElo "2537"]
[Result "0-1"]
[Round "09"]
[TimeControl "180+1"]
[Date "2021.08.03"]
[WhiteClock "0:00:02"]
[BlackClock "0:00:09"]

1. d4 d5 2. c4 dxc4 3. e4 Nc6 4. Nf3 Bg4 5. Bxc4 Bxf3 6. Qxf3 e6 7. d5 Ne5 8. Bb5+ c6 9. Qg3 Qa5+ 10. Nc3 cxb5 11. Qxe5 b4 12. Ne2 Nf6 13. O-O Be7 14. Bd2 O-O 15. a3 Nd7 16. Qg3 exd5 17. axb4 Qb5 18. Nc3 Qc6 19. Nxd5 Bd6 20. b5 Qxd5 21. exd5 Bxg3 22. hxg3 Nb6 23. d6 Nd5 24. Rfd1 Rfd8 25. Ra3 Rxd6 26. Bf4 Rd7 27. Rad3 Rad8 28. Be3 b6 29. Bg5 f6 30. Bf4 Kf7 31. g4 Ke8 32. Re1+ Re7 33. Rxe7+ Kxe7 34. Bg3 Rd7 35. Rd4 Nc7 36. Re4+ Ne6 37. Rc4 Nd4 38. Rb4 Rd5 39. Ra4 Nxb5 40. f3 Kd7 41. Bb8 Kc8 42. Bxa7 Kb7 43. Re4 Rd7 44. Bxb6 Kxb6 45. f4 Kc5 46. g5 fxg5 47. Re5+ Rd5 48. Re7 gxf4 49. Rxg7 h5 50. Rf7 Nd4 51. Kh2 Ne6 52. Rf6 Re5 53. g3 fxg3+ 54. Kxg3 Ng7 55. Kh4 Re7 56. Rg6 Kd4 57. Kg5 Ke5 58. b4 Kd5 59. b5 Kc5 60. b6 Rb7 61. Kh4 Kb5 62. Kg5 Ka6 63. Kh4 Rd7 64. Kg5 Rd5+ 65. Kf6 Rd6+ 66. Kg5 Rxg6+ 67. Kh4 Rg4+ 68. Kh3 Nf5 0-1


[Site "https://www.chess.com"]

[Event "Titled Tuesday Blitz August 3 2021"]
[White "Ter-Sahakyan, Samvel"]
[Black "Solon, Nathan"]
[WhiteFideId "13302531"]
[BlackFideId "2017229"]
[WhiteElo "2551"]
[BlackElo "2659"]
[Result "1-0"]
[Round "09"]
[TimeControl "180+1"]
[Date "2021.08.03"]
[WhiteClock "0:00:33"]
[BlackClock "0:00:01"]

1. Nf3 d5 2. e3 Nf6 3. c4 e6 4. Nc3 c6 5. b3 Bd6 6. Bb2 Qe7 7. d4 Nbd7 8. Be2 O-O 9. O-O b6 10. Qc2 Bb7 11. Rad1 Rad8 12. Rfe1 Rfe8 13. h3 e5 14. cxd5 cxd5 15. Nb5 Rc8 16. Qb1 Bb4 17. dxe5 Bxe1 18. Rxe1 Ne4 19. Nxa7 Ra8 20. Nb5 Rec8 21. Rd1 Nf8 22. Nfd4 Qh4 23. Rf1 Ne6 24. Nf5 Qg5 25. Nbd6 Rc7 26. Nxe4 dxe4 27. Nd6 Nc5 28. Bc4 Ba6 29. Bxa6 Rxa6 30. Rc1 Rd7 31. b4 Nd3 32. Bd4 Ra8 33. Nxe4 Qf5 34. Qxd3 1-0


[Site "https://www.chess.com"]

[Event "Titled Tuesday Blitz August 3 2021"]
[White "Terry, Renato"]
[Black "Timmermans, Mark"]
[WhiteFideId "3803457"]
[BlackFideId "1026399"]
[WhiteElo "2581"]
[BlackElo "2460"]
[Result "1-0"]
[Round "09"]
[TimeControl "180+1"]
[Date "2021.08.03"]
[WhiteClock "0:00:10"]
[BlackClock "0:00:12"]

1. e4 e5 2. Nf3 Nc6 3. c3 f5 4. d4 fxe4 5. Nxe5 Nf6 6. Bg5 d6 7. Nc4 d5 8. Ne3 Be7 9. Qb3 Na5 10. Qa4+ c6 11. Qd1 b5 12. Nd2 Be6 13. Be2 O-O 14. O-O Nc4 15. Ndxc4 bxc4 16. b3 cxb3 17. axb3 a5 18. Qc2 Qb6 19. Rfb1 Rfb8 20. Ng4 a4 21. bxa4 Rxa4 22. Qxa4 Qxb1+ 23. Rxb1 Rxb1+ 24. Bf1 Bxg4 25. Qa2 Re1 26. Qd2 Rd1 27. Qc2 Re1 28. Bd2 Rd1 29. Be3 Re1 30. Qd2 Rd1 31. Qa2 Re1 32. Bd2 Rd1 33. Bf4 Re1 34. f3 exf3 35. Kf2 fxg2 36. Kxg2 Bh3+ 37. Kxh3 Rxf1 38. Be5 Rf3+ 39. Kg2 Rxc3 40. Qb2 Ne4 41. Qb7 Bf6 42. Qd7 Rc2+ 43. Kf3 Rf2+ 44. Kg4 h6 45. Qxc6 Rg2+ 46. Kf3 Rf2+ 47. Kg4 Rg2+ 48. Kh3 Rg5 49. Qxd5+ Kh7 50. Qxe4+ g6 1-0


[Site "https://www.chess.com"]